 Dungeon Crawl Stone Soup version 0.27.1-2-g3b301248ec (webtiles) character file.

Game seed: 3570232308102626454

33378 pkoi the Cleaver (level 13, -2/178 HPs)
             Began as a Minotaur Gladiator on Oct 3, 2021.
             Was a High Priest of Okawaru.
             Slain by a minotaur (15 damage)
             ... in a Gauntlet.
             The game lasted 00:25:31 (16995 turns).

pkoi the Cleaver (Minotaur Gladiator)              Turns: 16995, Time: 00:25:32

Health: -2/178     AC: 42    Str: 44    XL:     13   Next: 36%
Magic:  12/18      EV: 11    Int: 12    God:    Okawaru [*****.]
Gold:   332        SH:  0    Dex: 12    Spells: 12/12 levels left

rFire    . . .     SeeInvis .   a - +1 battleaxe (vamp)
rCold    . . .     Faith    .   (shield currently unavailable)
rNeg     . . .     Spirit   .   P - +8 orange crystal plate armour {Archmagi, Int+3 Clar}
rPois    +         Reflect  .   C - +1 hat {Stlth+}
rElec    .         Harm     .   c - +2 cloak "Xyapnuil" {rPois}
rCorr    +         Rampage  .   o - +1 pair of gloves "Aruesicw" {rCorr Str+6}
Will     .....     Archmagi +   J - +0 pair of boots of Prudence {Str+2 Int+4} Stlth ..........Clarity +
                                (no amulet)
HPRegen  0.39/turn NoTele   +   e - +6 ring of strength
MPRegen  0.16/turn              E - +6 ring of strength

@: berserking, heroic, studying Throwing, very quick
A: horns 2, retaliatory headbutt
a: Renounce Religion, Heroism, Finesse


You were in a Gauntlet.
You worshipped Okawaru.
Okawaru was extremely pleased with you.
You visited 3 branches of the dungeon, and saw 16 of its levels.
You also visited: Gauntlet.

You collected 873 gold pieces.
You spent 541 gold pieces at shops.

Inventory:

Hand Weapons
 a - a +1 vampiric battleaxe (weapon)
 b - the +9 heavy crossbow "Sniper" {vorpal, Acc+∞ SInv}
   (Okawaru gifted it to you on level 5 of the Lair of Beasts)

   Any ammunition fired from it inflicts extra damage upon your enemies.
   Any ammunition fired from it never misses its target.
   SInv:      It lets you see invisible.
 L - a +4 halberd of flaming
Missiles
 d - 5 throwing nets (quivered)
 y - 142 bolts
 O - 9 curare-tipped darts
Armour
 c - the +2 cloak "Xyapnuil" (worn) {rPois}
   (You acquired it on level 8 of the Dungeon)

   rPois:     It protects you from poison.
 n - the +0 pair of gloves "Sastileu" {Dex+2}
   (You found it in a Gauntlet)

   Dex:       It affects your dexterity (+2).
 o - the +1 pair of gloves "Aruesicw" (worn) {rCorr Str+6}
   (You acquired it on level 9 of the Dungeon)

   Str:       It affects your strength (+6).
   rCorr:     It protects you from acid and corrosion.
 C - a +1 hat of stealth (worn)
 J - the +0 pair of boots of Prudence (worn) {Str+2 Int+4}
   (You bought it in a shop on level 9 of the Dungeon)

   Str:       It affects your strength (+2).
   Int:       It affects your intelligence (+4).
 P - the +8 orange crystal plate armour (worn) {Archmagi, Int+3 Clar}
   (You found it on level 2 of the Lair of Beasts)

   Int:       It affects your intelligence (+3).
   Clar:      It protects you against confusion.
Jewellery
 e - a +6 ring of strength (left hand)
 i - a ring of protection from cold
 q - the ring "Cinozxos" {Wiz rC- rCorr SInv}
   (You found it in a Gauntlet)

   [ring of wizardry]

   It improves your spell success rate.
   rC:        It makes you vulnerable to cold.
   SInv:      It lets you see invisible.
   rCorr:     It protects you from acid and corrosion.
 r - a +6 ring of dexterity
 t - a ring of resist corrosion
 E - a +6 ring of strength (right hand)
 F - a ring of positive energy
 I - a ring of see invisible
 M - a +4 ring of protection
Wands
 s - a wand of iceblast (30)
 v - a wand of polymorph (15)
 x - a wand of acid (7)
Scrolls
 h - 3 scrolls of enchant armour
 p - 2 scrolls of blinking
 w - a scroll of identify
 z - a scroll of amnesia
 D - 3 scrolls of teleportation
 G - 4 scrolls of summoning
 K - 3 scrolls of silence
 Q - a scroll of fear
Potions
 g - a potion of flight
 j - a potion of magic
 l - 8 potions of curing
 m - a potion of resistance
 u - 2 potions of cancellation
 A - 3 potions of haste
 B - 2 potions of might
 H - a potion of brilliance
Miscellaneous
 k - a phantom mirror


   Skills:
 + Level 12.7(17.7) Fighting
 + Level 14.4(19.4) Axes
 + Level 9.8(14.8) Crossbows
 - Level 2.0(7.0) Throwing
 + Level 12.5(17.5) Armour
 - Level 3.2(8.2) Dodging
 - Level 9.1 Invocations


You had 12 spell levels left.
You didn't know any spells.
Your spell library contained the following spells:

 Spells                   Type           Power      Damage    Failure   Level
 Animate Skeleton         Necr           0%         N/A       89%         1
 Apportation              Tloc           0%         N/A       89%         1
 Corona                   Hex            0%         N/A       89%         1
 Pain                     Necr           0%         1d4       89%         1
 Summon Small Mammal      Summ           0%         N/A       89%         1
 Slow                     Hex            0%         N/A       96%         2
 Confusing Touch          Hex            0%         N/A       99%         3
 Vampiric Draining        Necr           0%         2d6       99%         3


Dungeon Overview and Level Annotations

Branches:
Dungeon (11/15)            Temple (1/1) D:5            Lair (5/6) D:9
 Shoals (0/4) Lair:2      Gauntlet (1/1)
  Snake: Lair:2-4    Spider: Lair:2-4     Slime: Lair:5-6       Orc: D:9-12

Altars:
Ashenzari
Cheibriados
Dithmenos
Elyvilon
Fedhas
Gozag
Hepliaklqana
Kikubaaqudgha
Makhleb
Nemelex Xobeh
Okawaru
Qazlal
Ru
Sif Muna
Trog
Uskayaw
Vehumet
Wu Jian
Xom
Yredelemnul
Zin
The Shining One

Shops:
D:1 *   D:4 !*(*[   D:8 ?   D:9 [

Annotations:
D:8 1 runed translucent door
D:10 3 runed translucent doors, exclusion: orange crystal statue Gauntlet 8 transporters, 21 runed translucent doors, exclusion: oklob plant


Innate Abilities, Weirdness & Mutations

You have a pair of horns on your head.
You reflexively headbutt those who attack you in melee.


Message History

You open the minotaur like a pillowcase!!!
The minotaur is severely wounded.
Unknown command.
The minotaur blocks your attack.
Your headbutt misses the minotaur.
The minotaur is severely wounded.
Unknown command.
The minotaur blocks your attack.
The minotaur is severely wounded.
The minotaur hits you with a +1 demon trident of electrocution!
* * * LOW HITPOINT WARNING * * *
The minotaur gores you.
* * * LOW HITPOINT WARNING * * *
The minotaur blocks your attack.
The minotaur is heavily wounded.
Unknown command.
The minotaur blocks your attack.
The minotaur is heavily wounded.
The minotaur hits you but does no damage.
You are electrocuted!!
* * * LOW HITPOINT WARNING * * *
The minotaur gores you.
* * * LOW HITPOINT WARNING * * *
The minotaur blocks your attack.
The minotaur is heavily wounded.
Unknown command.
A red film seems to cover your vision as you go berserk!
Your finesse ends abruptly.
You feel yourself moving faster!
You feel mighty!
The minotaur hits you with a +1 demon trident of electrocution!
* * * LOW HITPOINT WARNING * * *
You are electrocuted!
* * * LOW HITPOINT WARNING * * *
The minotaur gores you but does no damage.
The minotaur blocks your attack.
You headbutt the minotaur!
The minotaur is severely wounded.
Unknown command.
The minotaur blocks your attack.
The minotaur is severely wounded.
The minotaur hits you but does no damage.
You are electrocuted!
You die...

################################
#8##≈...............§##8# #8#
####8.8.8..©.©..8.8§8#### ###
#§§..............≈#
###.#.#######.#.###
#.#....#....#.# #.#.##.#.##.#.#
#.............# #.#..##@##..#.
#.#..#8H8# # #....#...#
###8.#8.8# ####[.}# #8.8# #/.=#
#8∩8#


You could see a minotaur.

Vanquished Creatures
  Gastronok (D:8)
  A reaper (Gauntlet)
  Harold (D:10)
  2 hydras
  Erica (D:10)
  A catoblepas (Lair:3)
  4 two-headed ogres
  5 death yaks (Lair:5)
  Sonja (Lair:1)
  An ugly thing (D:11)
  A cyclops (D:9)
  6 elephants
  2 merfolk sirens (Lair:2)
  Maurice (D:8)
  A torpor snail (Lair:3)
  5 cane toads
  Maggie (Lair:1)
  4 komodo dragons
  2 merfolk (Lair:2)
  A troll (D:9)
  2 hornets (D:10)
  3 polar bears
  Grinder (D:6)
  A wyvern (Lair:5)
  A shadow (D:6)
  A vampire (D:11)
  7 wraiths
  40 yaks
  2 fire bats (D:8)
  3 basilisks
  2 large abominations (Gauntlet)
  A steam dragon (D:8)
  6 water moccasins
  2 orc warriors (D:9)
  3 sky beasts
  3 black bears (D:7)
  A necrophage (D:6)
  2 ogres
  6 wolves (Lair:2)
  4 centaurs (D:11)
  A kobold brigand (D:8)
  7 bullfrogs
  3 small abominations (Gauntlet)
  A gnoll sergeant (D:6)
  A scorpion (D:7)
  3 water moccasin skeletons
  An electric eel (D:9)
  4 howler monkeys (D:11)
  A bullfrog zombie (D:7)
  A centaur zombie (D:8)
  4 orc priests
  A bullfrog skeleton (D:7)
  A centaur skeleton (D:7)
  An iguana (D:5)
  A scorpion zombie (D:5)
  11 orc wizards
  A killer bee zombie (D:5)
  3 howler monkey zombies
  8 gnolls
  7 adders
  3 shadow imps (Gauntlet)
  2 ufetubi
  A worm (D:2)
  5 dart slugs
  30 orcs
  7 ball pythons
  6 endoplasms
  3 giant cockroaches
  6 goblins
  10 hobgoblins
  3 jackals (D:4)
  14 kobolds
  7 quokkas
  11 bats
  2 frilled lizards
  3 rats
307 creatures vanquished.

Vanquished Creatures (others)
  11 fungi
  17 plants
28 creatures vanquished.

Grand Total: 335 creatures vanquished

Notes
Turn   | Place    | Note
-------+----------+-------------------------------------------
     0 | D:1      | pkoi the Minotaur Gladiator began the quest for the Orb.
     0 | D:1      | Reached XP level 1. HP: 18/18 MP: 0/0
   224 | D:1      | Reached skill level 4 in Axes
   362 | D:1      | Reached XP level 2. HP: 25/25 MP: 1/1
   497 | D:1      | Found Toluff Nena's General Store.
   652 | D:1      | Reached skill level 5 in Axes
   658 | D:1      | Reached XP level 3. HP: 17/30 MP: 2/2
  1182 | D:2      | Found a faded altar of an unknown god.
  1357 | D:2      | Reached skill level 6 in Axes
  1357 | D:2      | Reached XP level 4. HP: 25/37 MP: 3/3
  2661 | D:4      | Found Uguwus's Antique Weapon Boutique.
  2679 | D:4      | Bought a runed hand crossbow for 162 gold pieces
  2896 | D:4      | Found Zur Jen's General Store.
  2899 | D:4      | Found Goergh's Armour Emporium.
  2905 | D:4      | Reached XP level 5. HP: 42/42 MP: 4/4
  2908 | D:4      | Found Bitoshrit's General Store.
  2956 | D:4      | Identified a scroll of acquirement
  2956 | D:4      | Acquired a manual of Throwing
  2958 | D:4      | Found a white marble altar of Elyvilon.
  2961 | D:4      | Reached skill level 7 in Axes
  3193 | D:4      | Reached skill level 8 in Axes
  3517 | D:4      | Found Oqyp's Distillery.
  3521 | D:4      | Bought a potion of degeneration for 10 gold pieces
  3521 | D:4      | Bought a potion of attraction for 30 gold pieces
  3776 | D:5      | Entered Level 5 of the Dungeon
  4011 | D:5      | Reached XP level 6. HP: 35/50 MP: 5/5
  4204 | D:5      | Found a shimmering blue altar of Sif Muna.
  4270 | D:5      | Reached skill level 1 in Armour
  4507 | D:5      | Found a staircase to the Ecumenical Temple.
  4522 | D:5      | Noticed a sky beast
  4527 | D:5      | Killed a sky beast
  4536 | Temple   | Entered the Ecumenical Temple
  4799 | Temple   | Became a worshipper of Warmaster Okawaru
  4941 | D:5      | Found a shimmering altar of Xom.
  5102 | D:5      | Reached XP level 7. HP: 9/58 MP: 6/6
  5106 | D:5      | Reached skill level 1 in Invocations
  5770 | D:6      | Noticed a shadow
  5780 | D:6      | Killed a shadow
  5780 | D:6      | Reached * piety under Okawaru
  5781 | D:6      | Reached skill level 9 in Axes
  6086 | D:6      | Found a basalt altar of Yredelemnul.
  6095 | D:6      | Noticed Grinder
  6110 | D:6      | Killed Grinder
  6111 | D:6      | Reached skill level 5 in Fighting
  6111 | D:6      | Reached XP level 8. HP: 40/68 MP: 7/9
  7128 | D:6      | Reached skill level 5 in Armour
  7567 | D:7      | Reached ** piety under Okawaru
  7580 | D:7      | Reached skill level 10 in Axes
  8085 | D:8      | Reached XP level 9. HP: 78/78 MP: 11/11
  8124 | D:8      | Found a shimmering blue altar of Sif Muna.
  8216 | D:8      | Found a runed translucent door.
  8221 | D:8      | Found a glowing golden altar of the Shining One.
  8230 | D:8      | Found a sacrificial altar of Ru.
  8243 | D:8      | Found a basalt altar of Yredelemnul.
  8243 | D:8      | Noticed Maurice
  8253 | D:8      | Killed Maurice
  8254 | D:8      | Reached skill level 5 in Invocations
  8414 | D:8      | Reached *** piety under Okawaru
  8645 | D:8      | Found a shimmering blue altar of Sif Muna.
  8669 | D:8      | Reached skill level 1 in Crossbows
  8678 | D:8      | Found a blossoming altar of Fedhas.
  8906 | D:8      | Noticed Gastronok
  8926 | D:8      | Killed Gastronok
  8926 | D:8      | Received a gift from Okawaru
  8926 | D:8      | Reached **** piety under Okawaru
  8926 | D:8      | Reached ***** piety under Okawaru
  8927 | D:8      | Reached skill level 11 in Axes
  8927 | D:8      | Reached XP level 10. HP: 33/90 MP: 11/13
  9148 | D:8      | Found Luimezum's Magic Scroll Shop.
  9158 | D:8      | Bought a scroll of teleportation for 45 gold pieces
  9831 | D:8      | Received a gift from Okawaru
 10315 | D:8      | Noticed a flayed ghost
 10437 | D:8      | Acquired the +2 cloak "Xyapnuil" {rPois}
 10450 | D:8      | Noticed a lindwurm
 10450 | D:8      | Noticed a lindwurm
 10451 | D:8      | Noticed a lindwurm
 10605 | D:9      | Noticed a two-headed ogre
 10617 | D:9      | HP: 1/91 [two-headed ogre (23)]
 10618 | D:9      | Killed a two-headed ogre
 10619 | D:9      | Reached skill level 5 in Crossbows
 10619 | D:9      | Reached XP level 11. HP: 2/97 MP: 12/15
 11063 | D:9      | Noticed a two-headed ogre
 11069 | D:9      | Killed a two-headed ogre
 11070 | D:9      | Reached skill level 12 in Axes
 11345 | D:9      | Found Syiwudi's Antique Armour Shop.
 11350 | D:9      | Bought a pair of dazzling boots for 294 gold pieces
 11350 | D:9      | Identified the +0 pair of boots of Prudence {Str+2 Int+4}
                  | (You bought it in a shop on level 9 of the Dungeon)
 11359 | D:9      | Acquired the +1 pair of gloves "Aruesicw" {rCorr Str+6}
 11432 | D:9      | Found a staircase to the Lair.
 11480 | D:9      | Found a stormy altar of Qazlal.
 11534 | D:9      | Noticed a two-headed ogre
 11560 | D:9      | Killed a two-headed ogre
 11561 | D:9      | Reached skill level 10 in Fighting
 11688 | D:10     | Entered Level 10 of the Dungeon
 11798 | D:10     | Noticed Harold
 11809 | D:10     | Killed Harold
 11809 | D:10     | Received a gift from Okawaru
 11810 | D:10     | Reached skill level 10 in Armour
 12018 | D:10     | Found a runed translucent door.
 12042 | D:10     | Found a runed translucent door.
 12074 | D:10     | Found a runed translucent door.
 12410 | D:10     | Found a flagged portal.
 12469 | D:10     | Noticed Erica
 12477 | D:10     | Killed Erica
 12652 | D:10     | Found a runed translucent door.
 12808 | D:10     | Noticed an orange crystal statue
 12965 | D:11     | Noticed a white ugly thing
 12973 | D:11     | Killed a white ugly thing
 13279 | D:11     | Noticed a two-headed ogre
 13288 | D:11     | Killed a two-headed ogre
 13418 | Lair:1   | Entered Level 1 of the Lair of Beasts
 13895 | Lair:1   | Noticed Maggie
 13905 | Lair:1   | Killed Maggie
 13905 | Lair:1   | Received a gift from Okawaru
 13906 | Lair:1   | Reached XP level 12. HP: 71/108 MP: 15/17
 14356 | Lair:1   | Identified the +0 leather armour of Suqec {rF+ Str+2
                  | Slay+3}
 14590 | Lair:1   | Noticed Sonja
 14604 | Lair:1   | Killed Sonja
 14605 | Lair:1   | Reached skill level 13 in Axes
 14872 | Lair:2   | Found the +8 orange crystal plate armour {Archmagi, Int+3
                  | Clar}
 15072 | Lair:2   | Reached ****** piety under Okawaru
 15072 | Lair:2   | Identified the +3 buckler of Kighot {rF+} (Okawaru gifted
                  | it to you on level 2 of the Lair of Beasts)
 15072 | Lair:2   | Received a gift from Okawaru
 15080 | Lair:2   | Noticed a five-headed hydra
 15095 | Lair:2   | Killed a three-headed hydra
 15238 | Lair:2   | Found a staircase to the Shoals.
 16018 | Lair:3   | Noticed a catoblepas
 16024 | Lair:3   | Killed a catoblepas
 16224 | Lair:3   | Noticed a seven-headed hydra
 16231 | Lair:3   | Killed a four-headed hydra
 16272 | Lair:3   | Reached XP level 13. HP: 118/118 MP: 15/18
 16275 | Lair:3   | Reached skill level 14 in Axes
 16367 | Lair:3   | You fall into a shaft and drop 2 floors!
 16389 | Lair:5   | Found a gate leading to a gauntlet.
 16413 | Lair:5   | Received a gift from Okawaru
 16413 | Lair:5   | Found the +9 heavy crossbow "Sniper" {vorpal, Acc+∞ SInv}
 16448 | Gauntlet | Entered a Gauntlet
 16448 | Gauntlet | Noticed a reaper
 16448 | Gauntlet | Found a transporter.
 16448 | Gauntlet | Found a transporter.
 16449 | Gauntlet | Found a transporter.
 16452 | Gauntlet | Found a transporter.
 16460 | Gauntlet | Found a transporter.
 16466 | Gauntlet | Found a transporter.
 16467 | Gauntlet | Found a large runed translucent door.
 16467 | Gauntlet | Found a large runed translucent door.
 16468 | Gauntlet | Found a large runed translucent door.
 16468 | Gauntlet | Found a large runed translucent door.
 16469 | Gauntlet | Found a large runed translucent door.
 16469 | Gauntlet | Found a large runed translucent door.
 16469 | Gauntlet | Found a large runed translucent door.
 16469 | Gauntlet | Found a large runed translucent door.
 16482 | Gauntlet | Found a transporter.
 16503 | Gauntlet | Found a runed translucent gate.
 16504 | Gauntlet | Found a transporter.
 16504 | Gauntlet | Found a runed translucent gate.
 16505 | Gauntlet | Found a runed translucent gate.
 16506 | Gauntlet | Found a large runed translucent door.
 16507 | Gauntlet | Found a large runed translucent door.
 16508 | Gauntlet | Found a large runed translucent door.
 16515 | Gauntlet | Found a large runed translucent door.
 16517 | Gauntlet | Found a large runed translucent door.
 16517 | Gauntlet | Found a large runed translucent door.
 16517 | Gauntlet | Found a runed translucent door.
 16517 | Gauntlet | Found a runed translucent door.
 16518 | Gauntlet | Found a large runed translucent door.
 16519 | Gauntlet | Found a large runed translucent door.
 16521 | Gauntlet | Found a transporter.
 16529 | Gauntlet | Found a transporter.
 16546 | Gauntlet | Found a transporter.
 16599 | Gauntlet | Found a transporter.
 16742 | Gauntlet | Killed a reaper
 16757 | Gauntlet | Identified the +0 pair of gloves "Sastileu" {Dex+2}
 16955 | Gauntlet | Identified the ring "Cinozxos" {Wiz rC- rCorr SInv}
 16975 | Gauntlet | Identified the +4 tower shield "Acegeb" {Drain +Inv rCorr
                  | MP+9}
 16975 | Gauntlet | Identified the ring of Makhleb's Approval {rF+ AC+4 Int+2
                  | Slay+2}
 16975 | Gauntlet | Noticed a minotaur
 16995 | Gauntlet | Slain by a minotaur

Illustrated notes

Levels and vault maps discovered:
D:1:      elethiomel_arrival_maze, layout_loops_ring, serial_shops,
          nicolae_lakefront_shop, st_stairs_2
D:2:      layout_rooms, hellmonk_ecumenical_altar_slurped_away, serial_forest,
          infiniplex_forest_corner_2, infiniplex_forest_lined_corner,
          infiniplex_forest_lined_room_3, infiniplex_forest_straight_4,
          infiniplex_forest_corner_2, infiniplex_forest_clump_small,
          infiniplex_forest_clump_diagonal, infiniplex_forest_straight_3,
          infiniplex_forest_clump_tiny
D:3:      minmay_door_path, layout_basic
D:4:      layout_basic, mainiacjoe_overflow_small_starburst, serial_shops,
          shop_fountains, shop, shop, shop_coins, shop
D:5:      layout_basic, lemuel_coloured_pillars_altar,
          mainiacjoe_overflow_six_doors_small, minmay_temple_entry_junction
D:6:      layout_basic, tso_altar, mainiacjoe_overflow_chevrons, uniq_grinder
D:7:      layout_rooms, minmay_misc_feat_nine_boxes
D:8:      due_megacathedral, layout_basic, serial_shops, kennysheep_little_box,
          minmay_lindwurm_lava, uniq_gastronok, uniq_maurice
D:9:      layout_roguey, mainiacjoe_overflow_catwalk, lair_entry_dummy,
          serial_shops, shop, lightli_minifort
D:10:     layout_stronghold, enter_bailey_2, minmay_statue_crystal_thing,
          uniq_harold, uniq_erica
D:11:     layout_stronghold, orc_0_dummy, kennysheep_generic_room_16
Temple:   eino_temple_scatter_basement
Lair:1:   layout_cave_pods, uniq_sonja, uniq_maggie
Lair:2:   layout_regular_city, elwin_shoals_entry_stream
Lair:3:   layout_loops_ring, spider_nest_entry_a, lemuel_fruit_fields,
          grunt_megastairs_4
Lair:5:   mu_elephants_graveyard, layout_concentric_octagons,
          dpeg_slime_entry_enclosed_altar, gauntlet_entry_generic
Gauntlet: gammafunk_gauntlet_shortcut [nicolae_gauntlet_arena_quarters,
          gammafunk_gauntlet_arena_teeth, gammafunk_gauntlet_arena_spirals,
          nicolae_gauntlet_arena_blocks,
          minmay_gauntlet_arena_make_your_own_arena,
          gammafunk_gauntlet_arena_crates,
          nicolae_gauntlet_exit_dead_adventurers]

Skill      XL: |  1  2  3  4  5  6  7  8  9 10 11 12 13 |
---------------+----------------------------------------+-----
Axes           | 4 5 6 8 9 10 11 12 13 14 | 14.4
Armour         | 2 4 6 8 9 10 11 12 | 12.5
Fighting       | 3 5 6 8 9 10 12 | 12.7
Invocations    | 2 4 6 7 8 9 |  9.1
Crossbows      | 3 5 7 9 |  9.8
Throwing       | |  2.0
Dodging        | |  3.2

Action                   |  1- 3 |  4- 6 |  7- 9 | 10-12 | 13-15 || total
-------------------------+-------+-------+-------+-------+-------++-------
Melee: War axe           |    61 |   114 |   206 |   183 |       ||   564
       Headbutt          |    12 |    29 |    52 |   116 |    30 ||   239
       Punch             |       |       |     1 |     1 |       ||     2
       Battleaxe         |       |       |       |   201 |    80 ||   281
       Halberd           |       |       |       |     8 |       ||     8
 Fire: Hand crossbow     |       |       |       |     1 |       ||     1
Throw: Throwing net      |       |     1 |       |       |       ||     1
Invok: Heroism           |       |       |     2 |    12 |     4 ||    18
       Finesse           |       |       |       |     2 |     1 ||     3
  Use: Scroll            |       |    10 |     2 |     7 |     2 ||    21
       Potion            |       |       |       |     6 |     1 ||     7
 Stab: Sleeping          |       |       |       |     1 |       ||     1
Armor: Leather armour    |    17 |    23 |    44 |    82 |       ||   166
       Crystal plate arm |       |       |       |   105 |    46 ||   151
Dodge: Dodged            |    46 |    84 |   117 |   216 |    26 ||   489
